 Dungeon Sprint DCSS version bcrawl-1.21 (webtiles) character file.

Game seed: 5754437731804134379

11340 Freyura the Warrior (level 11, -6/114 HPs)
             Began as a Hill Orc Fighter on Feb 15, 2020.
             Was the Champion of Beogh.
             Mangled by an orc knight
             ... wielding a +0 long sword
              (24 damage)
             ... in the Dungeon (Sprint IX: "|||||||||||||||||||||||||||||").
             The game lasted 00:09:58 (1647 turns).

Freyura the Warrior (Hill Orc Fighter)              Turns: 1647, Time: 00:09:58

Health: -6/114     AC: 19    Str: 18    XL:     11   Next: 76%
Magic:  20/22      EV:  9    Int:  6    God:    Beogh [******]
Gold:   545        SH: 13    Dex: 13    Spells: 10/10 levels left

rFire    . . .     SeeInvis .   o - +4 morningstar (holy)
rCold    . . .     Gourm    .   c - +0 shield
rNeg     . . .     Faith    .   r - +1 scale mail
rPois    .         Spirit   .   (helmet restricted)
rElec    .         Reflect  .   a - +0 cloak
rCorr    .         Harm     .   p - +0 pair of gloves
MR       .....     NoTele   +   b - +0 pair of boots
Stlth    ..........             (no amulet)
HPRegen  0.29/turn              t - +2 ring of protection
MPRegen  0.18/turn              (no ring)

@: hasted, very quick
A: walk on water, horns 1, slimy green scales 1, dopey 1, weak 1
a: Smiting, Recall Orcish Followers, Give Item to Named Follower, Resurrection,
Renounce Religion


You were in the Dungeon.
You worshipped Beogh.
Beogh was exalted by your worship.
You were hungry.

You visited 1 branch You collected 545 gold pieces.

Inventory:

Hand Weapons
 o - a +4 morningstar of holy wrath (weapon)
Armour
 a - a +0 cloak (worn)
 b - a +0 pair of boots (worn)
 c - a +0 shield (worn)
 p - a +0 pair of gloves (worn)
 r - a +1 scale mail (worn)
Jewellery
 t - a +2 ring of protection (left hand)
Wands
 n - a wand of iceblast (10)
Scrolls
 k - 4 scrolls of blinking
 l - 4 scrolls of remove curse
 m - 2 scrolls of amnesia
 s - a scroll of fog
Potions
 f - 6 potions of curing
 i - 4 potions of magic
Comestibles
 e - 11 rations {!d}


   Skills:
 * Level 15.6 Fighting
   Level 15.6 Short Blades
   Level 15.6 Long Blades
   Level 15.6 Axes
   Level 15.6 Maces & Flails
   Level 15.6 Polearms
   Level 15.6 Staves
 + Level 14.5 Armour
 + Level 13.7 Shields
   Level 15.6 Unarmed Combat
 + Level 15.5 Invocations


You had 10 spell levels left.
You didn't know any spells.
Your spell library was empty.

Dungeon Overview and Level Annotations

Branches:
Dungeon (1/1)

Altars:
Cheibriados
Dithmenos
Elyvilon
Fedhas
Gozag
Hepliaklqana
Kikubaaqudgha
Lugonu
Makhleb
Nemelex Xobeh
Okawaru
Qazlal
Ru
Sif Muna
Trog
Uskayaw
Vehumet
Wu Jian
Xom
Yredelemnul
Zin
The Shining One
Beogh
Jiyva


Innate Abilities, Weirdness & Mutations

You can walk on water.
You have a pair of small horns on your head.
You are partially covered in slimy green scales. (AC +2)
You are dopey. (Int -2)
You are weak. (Str -2)


Message History

The orc knight hits you but does no damage.
You hit the orc knight.
The orc knight is lightly wounded.
You barely miss the orc knight.
The orc knight is lightly wounded.
The orc sorcerer casts a spell.
Brandogh hits the orc warrior with a cursed +0 halberd!
The orc knight hits you with a +0 long sword.
* * * LOW HITPOINT WARNING * * *
You sock the orc knight!
The orc knight is moderately wounded.
The orc sorcerer mumbles some strange words.
You hit the orc knight.
You headbutt the orc knight, but do no damage.
The orc knight is moderately wounded.
The orc knight roars a battlecry!
The orcs go into a battle-frenzy!
The orc knight hits you with a +0 long sword!!
You die...
Beogh appreciates the orc knight's killing of a heretic priest.

▓_▓.▓.▓.▓.▓
▓_▓.▓.▓.▓.▓
▓_▓.▓.▓.▓.▓
▓_▓.▓.▓.▓.▓
▓_▓.▓.▓.▓o▓
▓_▓.▓.▓.▓o▓
▓_▓.▓.▓.▓o▓
▓_▓.▓†▓.▓o▓
▓_▓.▓.▓.▓@▓
▓_▓.▓†▓.▓o▓
▓_▓.▓.▓.▓o▓
▓_▓.▓.▓.▓o▓
▓_▓.▓.▓.▓o▓
▓_▓.▓†▓.▓o▓
▓_▓.▓.▓.▓.▓
▓_▓.▓.▓.▓.▓
▓_▓.▓.▓.▓


You could see 2 orc knights, an orc sorcerer, an orc warrior, the friendly
Brandogh the orc warrior, a friendly orc priest, a friendly orc wizard
(invisible) and 2 friendly orcs.

Vanquished Creatures
  A hydra (D)
  A centaur warrior (D)
  7 death yaks (D)
  A death knight (D)
  A deep elf mage (D)
  An orc knight (D)
  An orc sorcerer (D)
  An elephant (D)
  A black mamba (D)
  2 cane toads (D)
  A hippogriff (D)
  A wraith (D)
  2 wyverns (D)
  2 yaks (D)
  A basilisk (D)
  A soldier ant (D)
  7 crocodiles (D)
  A porcupine (D)
  An ice beast (D)
  2 bullfrogs (D)
  A killer bee (D)
  A crimson imp (D)
  An orc priest (D)
  2 orc wizards (D)
  An adder (D)
  2 orcs (D)
  A hobgoblin (D)
  A bat (D)
  2 kobolds (D)
  A quokka skeleton (D)
  A rat (D)
50 creatures vanquished.

Vanquished Creatures (collateral kills)
  An orc wizard (D)
  2 orcs (D)
3 creatures vanquished.

Vanquished Creatures (others)
  An ugly thing (D)
  A hippogriff (D)
  A soldier ant (D)
  3 orc warriors (D)
  An orc priest (D)
  An orc wizard (D)
  3 orcs (D)
11 creatures vanquished.

Grand Total: 64 creatures vanquished

Notes
Turn   | Place    | Note
-------+----------+-------------------------------------------
     0 | D        | Freyura the Hill Orc Fighter began the quest for the Orb.
     0 | D        | Reached XP level 1. HP: 20/20 MP: 1/1
    19 | D        | Noticed a crimson imp
    19 | D        | Noticed an orc wizard
    21 | D        | Killed a crimson imp
    21 | D        | Reached skill level 5 in Armour
    21 | D        | Reached XP level 2. HP: 30/30 MP: 2/2
    21 | D        | Reached XP level 3. HP: 37/37 MP: 3/3
    26 | D        | Reached XP level 4. HP: 45/45 MP: 4/4
    87 | D        | Found a roughly hewn altar of Beogh.
    87 | D        | Found a snail-covered altar of Cheibriados.
    87 | D        | Found a shadowy altar of Dithmenos.
    87 | D        | Found a white marble altar of Elyvilon.
    87 | D        | Found a blossoming altar of Fedhas.
    87 | D        | Found an opulent altar of Gozag.
    88 | D        | Found a hazy altar of Hepliaklqana.
    89 | D        | Found a viscous altar of Jiyva.
    90 | D        | Became a worshipper of Beogh the Brigand
    91 | D        | Found an ancient bone altar of Kikubaaqudgha.
    92 | D        | Found a corrupted altar of Lugonu.
    93 | D        | Found a burning altar of Makhleb.
    94 | D        | Found a sparkling altar of Nemelex Xobeh.
    95 | D        | Found an iron altar of Okawaru.
    96 | D        | Found a stormy altar of Qazlal.
    97 | D        | Found a sacrificial altar of Ru.
    98 | D        | Found a shimmering blue altar of Sif Muna.
    99 | D        | Found a bloodstained altar of Trog.
   100 | D        | Found a hide-covered altar of Uskayaw.
   101 | D        | Found a radiant altar of Vehumet.
   102 | D        | Found an ornate altar of the Wu Jian Council.
   103 | D        | Found a shimmering altar of Xom.
   104 | D        | Found a basalt altar of Yredelemnul.
   105 | D        | Found a glowing silver altar of Zin.
   106 | D        | Found a glowing golden altar of the Shining One.
   159 | D        | Noticed a four-headed hydra
   159 | D        | Noticed a wraith
   159 | D        | Noticed an ice beast
   159 | D        | Noticed a wyvern
   159 | D        | Noticed a soldier ant
   169 | D        | Killed a four-headed hydra
   169 | D        | Reached skill level 10 in Fighting
   169 | D        | Reached XP level 5. HP: 17/59 MP: 4/11
   169 | D        | Reached XP level 6. HP: 19/67 MP: 4/12
   169 | D        | Reached XP level 7. HP: 21/73 MP: 4/13
   174 | D        | Killed a wraith
   174 | D        | Reached XP level 8. HP: 22/81 MP: 4/14
   178 | D        | Reached * piety under Beogh
   182 | D        | Killed a wyvern
   182 | D        | Reached skill level 10 in Armour
   185 | D        | Reached ** piety under Beogh
   436 | D        | Noticed a red ugly thing
   436 | D        | Noticed a centaur warrior
   436 | D        | Noticed a death knight
   436 | D        | Noticed a hippogriff
   436 | D        | Noticed a deep elf mage
   442 | D        | Killed a red ugly thing
   442 | D        | Reached skill level 10 in Invocations
   442 | D        | Reached XP level 9. HP: 61/89 MP: 16/16
   454 | D        | Killed a centaur warrior
   454 | D        | Reached skill level 10 in Shields
   471 | D        | Killed a death knight
   477 | D        | Killed a deep elf mage
   477 | D        | Reached *** piety under Beogh
   477 | D        | Reached XP level 10. HP: 27/101 MP: 17/19
   851 | D        | Gained mutation: You are dopey. (Int -2) [potion of
                  | mutation]
   851 | D        | Gained mutation: You are weak. (Str -2) [potion of
                  | mutation]
   851 | D        | Gained mutation: You have a pair of small horns on your
                  | head. [potion of mutation]
   851 | D        | Gained mutation: You are partially covered in slimy green
                  | scales. (AC +2) [potion of mutation]
   852 | D        | Noticed a black mamba
   852 | D        | Noticed a cane toad
   866 | D        | Killed a black mamba
   869 | D        | Killed a cane toad
   869 | D        | Reached **** piety under Beogh
   889 | D        | Reached ***** piety under Beogh
   950 | D        | Noticed an elephant
   950 | D        | Noticed a cane toad
   966 | D        | Killed an elephant
   977 | D        | Killed a cane toad
  1116 | D        | Noticed a death yak
  1116 | D        | Noticed a death yak
  1116 | D        | Noticed a death yak
  1116 | D        | Noticed a death yak
  1116 | D        | Noticed a death yak
  1121 | D        | Noticed a death yak
  1123 | D        | Killed a death yak
  1123 | D        | Reached XP level 11. HP: 71/111 MP: 21/21
  1124 | D        | Noticed a death yak
  1132 | D        | Killed a death yak
  1132 | D        | Reached ****** piety under Beogh
  1145 | D        | Killed a death yak
  1161 | D        | Killed a death yak
  1161 | D        | Reached skill level 15 in Fighting
  1169 | D        | Killed a death yak
  1172 | D        | Killed a death yak
  1172 | D        | Reached skill level 15 in Invocations
  1178 | D        | Killed a death yak
  1612 | D        | Noticed an orc knight
  1612 | D        | Noticed an orc sorcerer
  1621 | D        | Killed an orc knight
  1622 | D        | Noticed an orc knight
  1622 | D        | Noticed an orc knight
  1623 | D        | Noticed an orc sorcerer
  1631 | D        | Noticed a sun demon
  1636 | D        | Killed an orc sorcerer
  1639 | D        | Gained Brandogh as an ally
  1647 | D        | Mangled by an orc knight

Skill      XL: |  1  2  3  4  5  6  7  8  9 10 11 |
---------------+----------------------------------+-----
Fighting       | 6 10 11 13 14 15 | 15.6
Armour         | 5 9 10 12 13 14 | 14.5
Shields        | 7 8 9 10 12 13 | 13.7
Invocations    | 8 10 12 14 15 | 15.5
Short Blades   | | 15.6
Long Blades    | | 15.6
Axes           | | 15.6
Maces & Flails | | 15.6
Polearms       | | 15.6
Staves         | | 15.6
Unarmed Combat | | 15.6

Action                   |  1- 3 |  4- 6 |  7- 9 | 10-12 || total
-------------------------+-------+-------+-------+-------++-------
Melee: Flail             |    14 |     5 |       |       ||    19
       Morningstar       |       |     8 |    51 |   161 ||   220
       Headbutt          |       |       |       |    34 ||    34
Invok: Smiting           |       |       |       |     1 ||     1
  Use: Potion            |     1 |     2 |     3 |     7 ||    13
       Scroll            |       |       |       |     4 ||     4
 Stab: Invisible         |       |       |     7 |       ||     7
       Distracted        |       |       |       |     1 ||     1
  Eat: Chunk             |       |       |       |     2 ||     2
Armor: Scale mail        |     6 |    13 |     9 |    25 ||    53
Dodge: Dodged            |     2 |     7 |     9 |    23 ||    41
Block: Shield            |     4 |     9 |    24 |    53 ||    90
